 Dungeon Crawl Stone Soup version 0.19.0-19-g8c6edcc (webtiles) character file.

3410 Rrauwl the Slasher (level 9, -1/67 HPs)
             Began as a High Elf Skald on Nov 12, 2016.
             Was a Believer of Sif Muna.
             Slain by max's ghost (13 damage)
             ... on level 1 of the Lair of Beasts.
             The game lasted 01:31:01 (6776 turns).

Rrauwl the Slasher (High Elf Skald)                 Turns: 6776, Time: 01:31:01

Health: -1/67      AC: 12    Str: 12    XL:     9   Next: 75%
Magic:  11/21      EV: 25    Int: 18    God:    Sif Muna [**....]
Gold:   307        SH:  0    Dex: 16    Spells: 4 memorised, 15 levels left

rFire  . . .     SeeInvis .     a - +1 falchion
rCold  + . .     Gourm    .     C - +3 leather armour {rF+}
rNeg   + + +     Faith    .     (no shield)
rPois  +         Spirit   .     F - +0 helmet
rElec  .         Reflect  .     J - +2 cloak of the Blizzard {rPois rN+++ Regen+ Dex-5}
rCorr  .         Harm     .     G - +0 pair of gloves
MR     .....                    (boots currently unavailable)
Stlth  ++........               (no amulet)
                                n - +5 ring of evasion
                                e - ring of ice

@: agile, appendage (expiring), infused
A: talons 3, robust 1
a: End Transformation, Divine Energy, Renounce Religion


You were on level 1 of the Lair of Beasts.
You worshipped Sif Muna.
Sif Muna was pleased with you.
You were not hungry.
You had grown temporary talons.
You visited 2 branches of the dungeon, and saw 9 of its levels.

You collected 580 gold pieces.
You spent 273 gold pieces at shops.

Inventory:

Hand Weapons
 a - a +1 falchion (weapon)
Missiles
 A - 3 exploding tomahawks (quivered)
Armour
 h - a +1 cloak
 x - a +0 leather armour of poison resistance
 C - a +3 leather armour of fire resistance (worn)
 F - a +0 helmet (worn)
 G - a +0 pair of gloves (worn)
 J - the +2 cloak of the Blizzard (worn) {rPois rN+++ Regen+ Dex-5}
   (You bought it in a shop on level 7 of the Dungeon)

   It affects your dexterity (-5).
   It protects you from poison.
   It renders you almost immune to negative energy.
   It increases your rate of regeneration.
Jewellery
 b - an uncursed ring of see invisible
 e - a ring of ice (left hand)
 n - a +5 ring of evasion (right hand)
 r - an uncursed ring of stealth
Wands
 y - a wand of acid (7/15)
 H - a wand of slowing (30/48)
Scrolls
 l - 2 scrolls of remove curse
 o - a scroll of amnesia
 p - 2 scrolls of fog
 s - 3 scrolls of identify
 u - a scroll of immolation
 v - 2 scrolls of enchant armour
 E - a scroll of teleportation
Potions
 t - 2 potions of cancellation
 z - a potion of brilliance
 B - a potion of flight
Books
 c - a book of Battle

   Spells                             Type                      Level
   a - Infusion                       Charms                       1
   b - Shroud of Golubria             Charms/Translocation         2
   c - Song of Slaying                Charms                       2
   d - Spectral Weapon                Hexes/Charms                 3
   e - Regeneration                   Charms/Necromancy            3
 w - a book of Changes

   Spells                             Type                      Level
   a - Beastly Appendage              Transmutation                1
   b - Sticks to Snakes               Transmutation                2
   c - Spider Form                    Transmutation/Poison         3
   d - Ice Form                       Ice/Transmutation            4
   e - Blade Hands                    Transmutation                5
 D - a book of Geomancy

   Spells                             Type                      Level
   a - Sandblast                      Earth                        1
   b - Passwall                       Transmutation/Earth          2
   c - Stone Arrow                    Conjuration/Earth            3
   d - Petrify                        Transmutation/Earth          4
   e - Lee's Rapid Deconstruction     Earth                        5
 I - a book of the Warp

   Spells                             Type                      Level
   a - Gell's Gravitas                Hexes/Translocation          3
   b - Portal Projectile              Translocation                3
   c - Force Lance                    Conjuration/Translocation    4
   d - Dispersal                      Translocation                6
   e - Controlled Blink               Translocation                8
   f - Disjunction                    Translocation                8
Miscellaneous
 m - a disc of storms
Comestibles
 d - 11 bread rations
 f - 9 beef jerkies
 g - 6 fruits
 j - 6 meat rations
 k - a royal jelly
 q - a slice of pizza


   Skills:
 * Level 5.2 Fighting
 + Level 7.3 Long Blades
 * Level 4.7 Armour
 * Level 5.0 Dodging
 * Level 7.3 Spellcasting
 * Level 6.9 Charms
 * Level 5.0 Transmutations


You had 15 spell levels left.
You knew the following spells:

 Your Spells              Type           Power        Failure   Level  Hunger
a - Infusion              Chrm           ####         1%          1    None
b - Regeneration          Chrm/Necr      ###.......   12%         3    #......
c - Beastly Appendage     Tmut           ###...       1%          1    None
d - Passwall              Tmut/Erth      ###.......   10%         2    None


Dungeon Overview and Level Annotations

Branches:
Dungeon (8/15)             Temple (0/1) D:6            Lair (1/6) D:8

Altars:
Cheibriados
Fedhas
Qazlal
Ru
Sif Muna
Yredelemnul

Shops:
D:5 !   D:7 [

Annotations:
Lair:1 max's ghost, novice MiFi


Innate Abilities, Weirdness & Mutations

You have claws for feet.
You are robust. (+10% HP)


Message History

Max's ghost is lightly damaged.
Your skin is crawling a little less now.
Max's ghost completely misses you.
You hit max's ghost but do no damage.
Max's ghost is lightly damaged.
Max's ghost hits you! Max's ghost barely misses you.
You riposte.
Your leather armour prevents you from hitting max's ghost.
Your kick misses max's ghost.
Max's ghost is lightly damaged.
Max's ghost hits you!
* * * LOW HITPOINT WARNING * * *
Max's ghost hits you!
* * * LOW HITPOINT WARNING * * *
Your skin stops crawling.
Your transformation is almost over.
A death yak comes into view.
The death yak bellows!
Max's ghost hits you!
You die...

#...###### ##.##....##
#..... #.#......# .).....
#.#....## ##....Y..
##.......# #....Y...
#......#####........
###....## #.........
#......# #......... ##
###.....# ##@........
.###P......####.W........
.##....#.....##..........
.......###...............
.....#####...P...........
......###...............#
........#...P#..........#
[..........###.........##
..........## ......#####


You could see 2 death yaks and max's ghost.

Vanquished Creatures
  A spiny frog (Lair:1)
  2 hippogriffs
  A hungry ghost (D:8)
  2 ice beasts
  A black bear (D:8)
  A sky beast (D:5)
  4 ogres
  An orc warrior (D:8)
  A necrophage (D:8)
  A centaur (D:6)
  A crocodile (Lair:1)
  3 bullfrogs
  3 scorpions
  A howler monkey (D:5)
  A crimson imp (D:5)
  4 hounds
  2 jellies
  4 orc priests
  A centaur skeleton (D:4)
  2 iguanas
  12 hell rats (Lair:1)
  4 worker ants
  A hound zombie (D:7)
  2 hound skeletons
  A howler monkey zombie (D:8)
  12 river rats (Lair:1)
  14 adders
  A shadow imp (D:8)
  5 oozes
  A worm (D:2)
  4 dart slugs
  5 leopard geckos
  18 orcs
  A ball python (D:3)
  7 bats
  7 giant cockroaches
  5 goblins
  8 hobgoblins
  7 jackals
  A quokka (D:4)
  4 frilled lizards
  2 kobolds (D:1)
  19 rats
178 creatures vanquished.

Vanquished Creatures (others)
  A fungus (Lair:1)
  A plant (Lair:1)
2 creatures vanquished.

Grand Total: 180 creatures vanquished

Notes
Turn   | Place    | Note
-------+----------+-------------------------------------------
     0 | D:1      | Rrauwl the High Elf Skald began the quest for the Orb.
     0 | D:1      | Reached XP level 1. HP: 14/14 MP: 4/4
    55 | D:1      | Reached skill level 1 in Armour
    76 | D:1      | Reached XP level 2. HP: 19/19 MP: 0/6
   371 | D:1      | Reached XP level 3. HP: 25/25 MP: 4/8
   852 | D:2      | Reached XP level 4. HP: 27/30 MP: 4/9
  1104 | D:2      | Gained mutation: Your spells are a little easier to cast, but a little less powerful. [potion of mutation]
  1104 | D:2      | Lost mutation: Your spells are a little easier to cast, but a little less powerful. [potion of mutation]
  1104 | D:2      | Gained mutation: You are robust. (+10% HP) [potion of mutation]
  1259 | D:2      | Found a snail-covered altar of Cheibriados.
  1347 | D:3      | Upgraded the game from 0.19.0-18-g426998a to 0.19.0-19-g8c6edcc
  1481 | D:3      | Found a deep blue altar of Sif Muna.
  1510 | D:3      | Became a worshipper of Sif Muna the Loreminder
  1616 | D:3      | Learned a level 2 spell: Song of Slaying
  1619 | D:3      | Found a stormy altar of Qazlal.
  1759 | D:3      | Reached XP level 5. HP: 31/39 MP: 7/10
  1918 | D:3      | Found a basalt altar of Yredelemnul.
  2197 | D:4      | Learned a level 1 spell: Beastly Appendage
  2587 | D:4      | Reached XP level 6. HP: 7/46 MP: 4/12
  2785 | D:5      | Entered Level 5 of the Dungeon
  2941 | D:5      | Reached skill level 1 in Transmutations
  3075 | D:5      | Noticed a sky beast
  3088 | D:5      | Killed a sky beast
  3088 | D:5      | Reached skill level 5 in Charms
  3088 | D:5      | Reached XP level 7. HP: 50/50 MP: 8/14
  3217 | D:5      | Found Hamirgh's Distillery.
  3257 | D:5      | Bought a potion of flight for 45 gold pieces
  3646 | D:6      | Reached * piety under Sif Muna
  3655 | D:6      | Learned a level 2 spell: Passwall
  3663 | D:6      | Found a staircase to the Ecumenical Temple.
  3800 | D:6      | Found a blossoming altar of Fedhas.
  3812 | D:6      | Reached skill level 5 in Long Blades
  3812 | D:6      | Reached skill level 5 in Spellcasting
  4073 | D:6      | Reached XP level 8. HP: 59/59 MP: 9/16
  4577 | D:7      | Found Wifynlug's Antique Armour Boutique.
  4590 | D:7      | Bought a steaming cloak for 228 gold pieces
  4600 | D:7      | Identified the +2 cloak of the Blizzard {rPois rN+++ Regen+ Dex-5} (You bought it in a shop on level 7 of the Dungeon)
  4632 | D:7      | Learned a level 3 spell: Regeneration
  4652 | D:7      | Noticed a hippogriff
  4662 | D:7      | Killed a hippogriff
  5038 | D:8      | Reached XP level 9. HP: 64/64 MP: 10/19
  5241 | D:8      | Reached ** piety under Sif Muna
  5669 | D:8      | Found a staircase to the Lair.
  5694 | D:8      | Found a sacrificial altar of Ru.
  5719 | Lair:1   | Entered Level 1 of the Lair of Beasts
  5749 | Lair:1   | Noticed a spiny frog
  5767 | Lair:1   | Killed a spiny frog
  5767 | Lair:1   | Reached skill level 5 in Fighting
  6117 | Lair:1   | Reached skill level 5 in Transmutations
  6221 | Lair:1   | Noticed max's ghost (novice MiFi)
  6224 | Lair:1   | Noticed a death yak
  6228 | Lair:1   | Noticed a death yak
  6236 | Lair:1   | Noticed a death yak
  6241 | Lair:1   | Noticed a death yak
  6268 | Lair:1   | Noticed a death yak
  6722 | Lair:1   | Reached skill level 5 in Dodging
  6774 | Lair:1   | Noticed a death yak
  6776 | Lair:1   | Slain by max's ghost

Skill      XL: |  1  2  3  4  5  6  7  8  9 |
---------------+----------------------------+-----
Armour         | 1 2 4 |  4.7
Long Blades    | 3 4 5 6 7 |  7.3
Charms         | 4 5 6 |  6.9
Spellcasting   | 3 4 5 6 7 |  7.3
Fighting       | 3 4 5 |  5.2
Dodging        | 2 3 4 5 |  5.0
Transmutations | 1 2 3 5 |  5.0

Action                   |  1- 3 |  4- 6 |  7- 9 || total
-------------------------+-------+-------+-------++-------
Melee: Falchion          |    59 |   182 |   476 ||   717
       Kick              |       |    11 |    93 ||   104
       Headbutt          |       |     3 |     1 ||     4
 Cast: Infusion          |    16 |    25 |    42 ||    83
       Song of Slaying   |       |     3 |     2 ||     5
       Beastly Appendage |       |     7 |    31 ||    38
       Regeneration      |       |       |     7 ||     7
Invok: Divine Energy     |       |       |     1 ||     1
       Stop Divine Energ |       |       |     1 ||     1
Evoke: Wand              |       |       |     3 ||     3
  Use: Potion            |     3 |     6 |     5 ||    14
       Scroll            |     2 |    11 |     9 ||    22
 Stab: Invisible         |     2 |       |       ||     2
       Sleeping          |     1 |       |     3 ||     4
  Eat: Chunk             |       |     8 |    17 ||    25
       Pizza             |       |       |     2 ||     2
Armor: Leather armour    |    20 |    34 |    82 ||   136
Dodge: Dodged            |    48 |   138 |   403 ||   589
       Rpst.: Falchion   |    17 |    36 |   136 ||   189
